[Event "*** Titled Tuesday 3|2 Blitz"]
[Site "Chess.com"]
[Date "2016.05.03"]
[Round "9"]
[White "Kacparov"]
[Black "GeorgMeier"]
[Result "1/2-1/2"]
[WhiteElo "2587"]
[BlackElo "2727"]
[TimeControl "180+2"]
[EndTime "18:54:20 PDT"]
[Termination "Game drawn - insufficient material"]

1. e4 e6 2. d4 d5 3. Nd2 dxe4 4. Nxe4 Nd7 5. Nf3 Ngf6 6. Bd3 c5 7. Nxf6+ Nxf6 8. O-O cxd4 9. Nxd4 Bc5 10. Nb3 Bd6 11. Qf3 Qc7 12. h3 Bd7 13. c4 Bc6 14. Qe2 O-O-O 15. Be3 Kb8 16. Rfd1 Bh2+ 17. Kf1 Bf4 18. Nd4 e5 19. Nxc6+ Qxc6 20. Bxf4 exf4 21. Qf3 Qxf3 22.
gxf3 Kc7 23. Be4 g5 24. b4 b6 25. a4 h5 26. Bf5 Rhe8 27. Rxd8 Rxd8 28. a5 Kd6 29.
axb6 axb6 30. Rd1+ Ke7 31. Rxd8 Kxd8 32. Ke2 Ne8 33.
Kd3 Ng7 34. Ke4 Ke7 35. Ke5 f6+ 36. Ke4 Kd6 37. Bg6 Ke6 38. c5 bxc5 39. bxc5 f5+ 40. Kd4 g4 41. fxg4 fxg4 42. hxg4 hxg4 43. Be4 g3 44. fxg3 fxg3 45. Ke3 Ke5 46. Kf3 Ne6 47.
Kxg3 Kxe4 48. Kh2 Kd5 49. Kh1 Kxc5 1/2-1/2

[Event "*** Titled Tuesday 3|2 Blitz"]
[Site "Chess.com"]
[Date "2016.05.03"]
[Round "9"]
[White "jcibarra"]
[Black "NaziPaiki"]
[Result "1-0"]
[WhiteElo "2617"]
[BlackElo "2671"]
[TimeControl "180+2"]
[EndTime "18:54:21 PDT"]
[Termination "jcibarra won by resignation"]

1. e4 c6 2. Nc3 d5 3. Nf3 Bg4 4. h3 Bxf3 5. Qxf3 e6 6. d3 Nd7 7. Bd2 Ngf6 8. g4 h6 9. O-O-O Qb6 10. Qg3 Bb4 11. a3 Be7 12. e5 Ng8 13. f4 O-O-O 14.
Bg2 Kb8 15. Rhf1 Qc7 16. Kb1 g6 17. Qf2 h5 18. Ne2 Qb6 19. Be3 c5 20. Qg3 hxg4 21.
hxg4 Bh4 22. Qf3 Ne7 23. d4 c4 24. Rh1 Nc6 25. g5 Ne7 26. Bh3 Rc8 27. Bg4 c3 28. b3 Qa5 29. Bc1 Rh7 30. Rh3 Rch8 31. Rdh1 Nf5 32. Bxf5 gxf5 33. R1h2 Nf8 34. Qh1 Ng6 35. Ng1 b5 36. Nf3 b4 37. a4 Rh5 38.
Nxh4 Ne7 39. Nf3 Rxh3 40. Rxh3 Rxh3 41. Qxh3 Nc8 42. Qh7 Qc7 43. g6 fxg6 44. Qxg6 Qc6 45.
Ng5 1-0

[Event "*** Titled Tuesday 3|2 Blitz"]
[Site "Chess.com"]
[Date "2016.05.03"]
[Round "9"]
[White "Checky2015"]
[Black "Zlatan56"]
[Result "0-1"]
[WhiteElo "2605"]
[BlackElo "2610"]
[TimeControl "180+2"]
[EndTime "18:54:23 PDT"]
[Termination "Zlatan56 won by resignation"]

1. d4 Nf6 2. c4 g6 3. Nc3 Bg7 4.
e4 O-O 5. Bd3 Nc6 6. Nge2 e5 7.
d5 Nd4 8. O-O c5 9. f4 exf4 10.
Bxf4 Ng4 11. h3 Ne5 12. Nxd4 cxd4 13. Ne2 d6 14. Kh1 Qb6 15. Rb1 f5 16. Bxe5 dxe5 17. b4 Qf6 18. c5 Qh4 19. Qe1 Qh6 20. Ng1 Bd7 21. b5 fxe4 22. Qxe4 Bf5 23. Qf3 Qd2 24. Bxf5 gxf5 25. d6 e4 26. Qb3+ Kh8 27. c6 Be5 28. Qd5 Rae8 29. d7 Rg8 30. Ne2 Qxe2 31. Rg1 Qf2 32.
dxe8=Q Rxe8 33. Rb3 d3 0-1

[Event "*** Titled Tuesday 3|2 Blitz"]
[Site "Chess.com"]
[Date "2016.05.03"]
[Round "9"]
[White "howitzer14"]
[Black "platy3"]
[Result "1-0"]
[WhiteElo "2303"]
[BlackElo "2621"]
[TimeControl "180+2"]
[EndTime "18:54:34 PDT"]
[Termination "howitzer14 won by resignation"]

1. e4 c5 2. c3 Nf6 3. e5 Nd5 4. Nf3 e6 5. d4 cxd4 6. cxd4 b6 7. Bc4 Ba6 8. Bxd5 exd5 9. Nc3 Bb4 10. Qb3 Bxc3+ 11.
bxc3 Bc4 12. Qa3 Nc6 13. Bg5 f6 14. exf6 gxf6 15. Bh4 Qe7+ 16. Qxe7+ Kxe7 17. Ne5 Rhg8 18. g3 Raf8 19. Kd2 Kd6 20. Nxc4+ dxc4 21. Rae1 Ne7 22. Re4 Nd5 23. Rf1 Re8 24. Rfe1 Rxe4 25. Rxe4 b5 26. g4 a5 27. a3 b4 28. axb4 axb4 29. cxb4 Ra8 30. b5 Ra2+ 31. Kc1 c3 32. Bg3+ Nf4 33.
Rxf4 Kd5 34. b6 Kc4 35. b7 Ra1+ 36. Kc2 Ra2+ 37. Kd1 Ra1+ 38. Ke2 Ra2+ 39. Kf3 Rb2 40.
d5+ Kd3 41. b8=Q Rxb8 42. Rd4+ Kxd4 43. Bxb8 Kxd5 44. Ke3 Kc4 45. Bd6 Kd5 46. Be7 1-0

[Event "*** Titled Tuesday 3|2 Blitz"]
[Site "Chess.com"]
[Date "2016.05.03"]
[Round "9"]
[White "Tirantes"]
[Black "chesstatour"]
[Result "0-1"]
[WhiteElo "2209"]
[BlackElo "2034"]
[TimeControl "180+2"]
[EndTime "18:54:49 PDT"]
[Termination "chesstatour won by resignation"]

1. c4 e5 2. Nc3 Nc6 3. g3 Bb4 4.
Nd5 Bc5 5. Bg2 Nge7 6. e3 O-O 7. Ne2 d6 8. Nec3 Be6 9. O-O f5 10. Re1 e4 11. d4 exd3 12. Qxd3 Ne5 13. Qc2 Nxc4 14.
Nxe7+ Qxe7 15. Nd5 Qf7 16. Nf4 c6 17. b3 Ne5 18. Bb2 Ng6 19. Nh5 Ne5 20. Nxg7 Qxg7 21. f4 Bb6 22. fxe5 dxe5 23. Kh1 Rad8 24. Qc3 Bc7 25.
Rf1 Bd5 26. e4 fxe4 27. Qe3 Bb6 28. Qe2 e3 29. Bxd5+ Rxd5 30. Rf7 Qxf7 0-1

[Event "*** Titled Tuesday 3|2 Blitz"]
[Site "Chess.com"]
[Date "2016.05.03"]
[Round "9"]
[White "Kawhi_Leonard2"]
[Black "Aguiar94"]
[Result "0-1"]
[WhiteElo "2106"]
[BlackElo "2387"]
[TimeControl "180+2"]
[EndTime "18:55:34 PDT"]
[Termination "Aguiar94 won by checkmate"]

1. e4 c5 2. Nf3 e6 3. d4 cxd4 4. Nxd4 Nc6 5. Nc3 Qc7 6. Be3 a6 7. Bd3 Nf6 8. Nxc6 dxc6 9. O-O e5 10. f3 Be6 11. a4 Nd7 12. Qe2 Bc5 13. Bxc5 Nxc5 14. Bc4 Bxc4 15. Qxc4 Ne6 16. Ne2 O-O 17. Kh1 Rad8 18. Rfd1 Qb6 19. Qc3 Qf2 20. Qe1 Qe3 21.
Ng3 Qc5 22. c3 Nf4 23. Nf5 Nd3 24. Rxd3 Rxd3 25. Qg3 g6 26. Qg5 f6 27. Qg4 Rfd8 28. h4 Kh8 29. Ng3 Qe3 30. h5 Qf4 31. hxg6 hxg6 32.
Qxg6 Rd1+ 33. Rxd1 Rxd1+ 34. Kh2 Qh4# 0-1

[Event "*** Titled Tuesday 3|2 Blitz"]
[Site "Chess.com"]
[Date "2016.05.03"]
[Round "9"]
[White "attack2mateU"]
[Black "oskariot"]
[Result "1-0"]
[WhiteElo "2510"]
[BlackElo "2438"]
[TimeControl "180+2"]
[EndTime "18:55:40 PDT"]
[Termination "attack2mateU won by resignation"]

1. e4 c5 2. Nf3 e6 3. d4 cxd4 4.
Nxd4 Nf6 5. Nc3 d6 6. Be3 a6 7. f3 b5 8. Qd2 Nbd7 9. g4 h6 10. O-O-O Bb7 11. h4 b4 12. Na4 d5 13.
Rg1 Qa5 14. b3 e5 15. g5 hxg5 16. hxg5 exd4 17. Bxd4 Nh5 18. g6 Bd6 19. gxf7+ Kxf7 20. Kb1 Bf4 21. Qg2 Ng3 22. Bf2 Qc7 23. exd5 Nh5 24.
Qg6+ Kf8 25. d6 Qc6 26. Bc4 Ne5 27. Qf5+ Ke8 28. Qe6+ Kd8 29. Bb6+ Qxb6 30. Qe7+ Kc8 31. Nxb6+ Kb8 32. Qc7+ Ka7 33. d7 Nxc4 34. Qxc4 Kxb6 35. Qxb4+ Ka7 36. Qc5+ Kb8 37. d8=Q+ 1-0

[Event "*** Titled Tuesday 3|2 Blitz"]
[Site "Chess.com"]
[Date "2016.05.03"]
[Round "9"]
[White "bugsbunny444"]
[Black "GianmarcoVaR"]
[Result "0-1"]
[WhiteElo "2354"]
[BlackElo "2334"]
[TimeControl "180+2"]
[EndTime "18:55:58 PDT"]
[Termination "GianmarcoVaR won on time"]

1. Nf3 Nf6 2. c4 g6 3. b4 Bg7 4. Bb2 d6 5. g3 O-O 6. Bg2 e5 7. O-O Nh5 8. Qc2 f5 9. d3 f4 10. Nbd2 g5 11. Ne4 g4 12. Nfd2 Nc6 13. b5 Nd4 14.
Bxd4 exd4 15. a4 Be5 16. a5 Rb8 17. a6 b6 18. Nb3 Qe7 19. Rae1 Qg7 20. Nc1 Qh6 21.
Qd2 Qg7 22. Qd1 Bd7 23. Na2 Rf7 24. Nb4 Rbf8 25. Nd2 Qh6 26. Bd5 Be6 27. Bxe6 Qxe6 28. Nc6 fxg3 29. fxg3 Bxg3 30. hxg3 Qe3+ 0-1

[Event "*** Titled Tuesday 3|2 Blitz"]
[Site "Chess.com"]
[Date "2016.05.03"]
[Round "9"]
[White "vinceyoung15"]
[Black "jposthuma"]
[Result "1/2-1/2"]
[WhiteElo "2206"]
[BlackElo "2143"]
[TimeControl "180+2"]
[EndTime "18:56:11 PDT"]
[Termination "Game drawn - insufficient material"]

1. e4 c6 2. d4 d5 3. exd5 cxd5 4.
Bd3 Nc6 5. c3 Qc7 6. Nf3 Nf6 7.
O-O Bg4 8. h3 Bh5 9. Bg5 e6 10. Nbd2 Be7 11. Re1 O-O 12. Qc2 Bg6 13. Bxg6 hxg6 14. Qd3 a6 15. Ne5 Nxe5 16. dxe5 Nh5 17.
Qe3 Bc5 18. Qd3 Qb6 19. Re2 Qb5 20. Qxb5 axb5 21. g4 Ng3 22. Ree1 f6 23. exf6 gxf6 24. Bh6 Rfe8 25. Kg2 Ne4 26. Nxe4 dxe4 27. Rxe4 Rad8 28. Rae1 Kf7 29. Be3 Bd6 30. f4 f5 31. Rd4 e5 32.
fxe5 Bxe5 33. Rxd8 Rxd8 34. Bg5 Bf6 35. Bxf6 Kxf6 36.
Re2 fxg4 37. hxg4 Kg5 38. Re5+ Kxg4 39. Rxb5 Rd7 40. a4 g5 41. a5 Kf4 42. Rb4+ Ke3 43.
Rg4 Rd5 44. b4 Kd3 45. c4 Re5 46. c5 Kc3 47. a6 bxa6 48. c6 Kb3 49. c7 Re2+ 50.
Kf3 Rc2 51. Rxg5 Rxc7 52. b5 axb5 53. Rxb5+ Ka4 54. Rb1 Rc3+ 55. Ke4 Rb3 56. Rc1 Rb4+ 57. Kd3 Kb5 58. Kc3 Rc4+ 59. Kb2 Rb4+ 60. Kc3 Rc4+ 61.
Kd2 Rxc1 62. Kxc1 1/2-1/2

[Event "*** Titled Tuesday 3|2 Blitz"]
[Site "Chess.com"]
[Date "2016.05.03"]
[Round "9"]
[White "Quiet_Desperation"]
[Black "jeaston1"]
[Result "1-0"]
[WhiteElo "2260"]
[BlackElo "2002"]
[TimeControl "180+2"]
[EndTime "18:56:23 PDT"]
[Termination "Quiet_Desperation won by resignation"]

1. e4 c5 2. Nf3 Nc6 3. d4 cxd4 4.
Nxd4 Nf6 5. Nc3 e5 6. Ndb5 d6 7. Bg5 a6 8. Na3 b5 9. Bxf6 gxf6 10. Nd5 f5 11. Bd3 Be6 12. c4 b4 13. Nc2 fxe4 14. Bxe4 Rb8 15. O-O Bg7 16. f4 O-O 17. f5 Bxd5 18.
Bxd5 Nd4 19. Nxd4 exd4 20. Qg4 Qf6 21. Rad1 Rfe8 22. Qf3 Re3 23. Qg4 Rbe8 24. Rf3 Rxf3 25. Qxf3 Re3 26. Qf4 Re5 27. g4 Bh6 28. Qg3 Re3 29. Qf2 Qe5 30. Qh4 Bg7 31. Qd8+ Qe8 32. Qxd6 Re1+ 33. Rxe1 Qxe1+ 34. Kg2 Qe2+ 35. Kh3 Qe3+ 36.
Qg3 Qh6+ 37. Kg2 Qd2+ 38. Qf2 Qg5 39. Qe2 Bf8 40. c5 Qf4 41. c6 Qd6 42. Qe4 a5 43. Qxd4 Bg7 44. Qe4 Bxb2 45. Qe8+ Kg7 46. Qxf7+ Kh6 47.
Qe6+ Qxe6 48. fxe6 1-0

[Event "*** Titled Tuesday 3|2 Blitz"]
[Site "Chess.com"]
[Date "2016.05.03"]
[Round "9"]
[White "ZEN-22"]
[Black "chessking2151"]
[Result "1-0"]
[WhiteElo "2402"]
[BlackElo "2310"]
[TimeControl "180+2"]
[EndTime "18:56:27 PDT"]
[Termination "ZEN-22 won by resignation"]

1. e4 e5 2. d4 exd4 3. Qxd4 Nc6 4. Qd2 Nf6 5. Bd3 d5 6. Nc3 Bb4 7. exd5 Nxd5 8. Nge2 O-O 9. O-O Bg4 10. f3 Bc5+ 11.
Kh1 Be6 12. Nxd5 Bxd5 13. Nf4 Ne7 14. Nxd5 Nxd5 15. f4 Re8 16. Qd1 Be3 17. Bc4 Bxc1 18. Bxd5 Bxb2 19. Rb1 Bc3 20. Rxb7 Qd6 21. Qf3 Bf6 22. g3 Rad8 23. Bb3 g6 24. Rxa7 Qc5 25. Ra4 Rd2 26. Re4 Red8 27. Qe3 Qh5 28. Rf2 Rd1+ 29.
Kg2 Kg7 30. Re5 Bxe5 31. fxe5 R1d7 32. e6 fxe6 33. Qc3+ Kh6 34. h4 e5 35. Qe3+ Kg7 36.
Qc5 e4 37. Qc3+ Kh6 38. Qe3+ Kg7 39. Qxe4 Qc5 40. Rf4 Rd2+ 41. Kh3 R2d7 42. Qe6 Re7 43. Rf7+ Rxf7 44. Qxf7+ Kh6 45. Qf4+ Kg7 46. Qf7+ Kh6 47. a3 Qf5+ 48. Qxf5 gxf5 49. g4 fxg4+ 50. Kxg4 Rd4+ 51. Kg3 Kg6 52. a4 Rb4 53. a5 c5 54. a6 Rb6 55.
Bc4 Kf6 56. Bd3 Rb8 57. Bxh7 c4 58. Be4 Rg8+ 59. Kf4 Rg7 60. Bb7 Rg1 61. a7 Ra1 1-0

[Event "*** Titled Tuesday 3|2 Blitz"]
[Site "Chess.com"]
[Date "2016.05.03"]
[Round "9"]
[White "Newlight1"]
[Black "Dr-Bassem"]
[Result "0-1"]
[WhiteElo "2265"]
[BlackElo "2572"]
[TimeControl "180+2"]
[EndTime "18:56:30 PDT"]
[Termination "Dr-Bassem won by resignation"]

1. e4 e5 2. Nf3 Nc6 3. d4 exd4 4. Bc4 Bc5 5. c3 Nf6 6. cxd4 Bb4+ 7. Bd2 Bxd2+ 8.
Nbxd2 d5 9. exd5 Nxd5 10. O-O O-O 11. Re1 Nb6 12. Bb3 Nxd4 13. Nxd4 Qxd4 14. Ne4 Qxd1 15.
Raxd1 h6 16. Nc5 a5 17. a4 c6 18. Re7 Nd5 19. Bxd5 cxd5 20. Rxd5 b6 21. Nd7 Bxd7 22. Rdxd7 Rac8 23. Rc7 Rxc7 24. Rxc7 Rd8 25. Rc1 Rd2 26. Rb1 Rd4 27. b3 Kf8 28. Kf1 Ke7 29. Ke2 Kd6 30. Rd1 Kc5 31. Rxd4 Kxd4 32. Kd2 f5 33. Kc2 g5 34.
Kd2 f4 35. h3 h5 36. Kc2 h4 37. Kd2 g4 38. Kc2 f3 0-1

[Event "*** Titled Tuesday 3|2 Blitz"]
[Site "Chess.com"]
[Date "2016.05.03"]
[Round "9"]
[White "MbMaster"]
[Black "yarosavich"]
[Result "0-1"]
[WhiteElo "2261"]
[BlackElo "2546"]
[TimeControl "180+2"]
[EndTime "18:57:03 PDT"]
[Termination "yarosavich won by resignation"]

1. e4 c6 2. c4 d5 3. exd5 cxd5 4. cxd5 Nf6 5. Nc3 Nxd5 6. Nf3 Nc6 7. Bb5 e6 8. O-O Be7 9. d4 O-O 10. Re1 Bf6 11. Ne4 Nce7 12. Bd3 Bd7 13. a3 Bc6 14. Bg5 Bxg5 15. Nexg5 h6 16. Ne4 Nf5 17. Rc1 Rc8 18. Bb1 Nf6 19. Nxf6+ Qxf6 20. Ne5 Bd5 21. Rxc8 Rxc8 22.
f3 g6 23. Be4 Qd8 24. Bxf5 exf5 25. Qd2 Qb6 26. Nd7 Qd6 27. Ne5 Be6 28. h4 Kg7 29.
Re3 Rd8 30. Rd3 b5 31. Qe3 Qd5 32. Rd2 a5 33. Kh2 b4 34. axb4 axb4 35. Rd1 Rc8 36. Rd2 Rc7 37. Nd3 Kh7 38. Nf4 Qd6 39. g3 Bd5 40. h5 g5 41. Nd3 Re7 42. Ne5 f6 43. Qd3 fxe5 44. Qxf5+ Kg7 45. dxe5 Rxe5 46. Qc8 Qe6 47.
Qc7+ Kg8 48. f4 Re2+ 49. Rxe2 Qxe2+ 0-1

[Event "*** Titled Tuesday 3|2 Blitz"]
[Site "Chess.com"]
[Date "2016.05.03"]
[Round "9"]
[White "1random"]
[Black "andretta"]
[Result "0-1"]
[WhiteElo "2033"]
[BlackElo "2168"]
[TimeControl "180+2"]
[EndTime "18:57:46 PDT"]
[Termination "andretta won by checkmate"]

1. d4 e6 2. Bf4 c5 3. e3 Nf6 4. Nc3 cxd4 5. exd4 d6 6. Bd3 Be7 7. Nf3 O-O 8. O-O b6 9. Ne4 Bb7 10. Nxf6+ Bxf6 11. c3 a6 12. Qe2 Re8 13. Be4 Bxe4 14.
Qxe4 d5 15. Qe2 Nc6 16. Ne5 Nxe5 17. Bxe5 b5 18. a3 Bxe5 19. Qxe5 Qb8 20. Qg5 a5 21. Rae1 Qd6 22. Re3 b4 23. axb4 axb4 24. Rg3 Qf8 25. h4 bxc3 26. bxc3 Kh8 27. h5 h6 28. Qf4 Rec8 29.
Rf3 Ra7 30. Re1 Kg8 31. g4 Rac7 32. Ree3 Qe7 33. Kg2 Rc6 34. Rd3 Qc7 35. Qd2 Qd8 36. Rg3 f6 37. f4 Qe8 38. Qe2 R8c7 39. g5 fxg5 40. fxg5 hxg5 41. Rxg5 Qf8 42. Rf3 Rf7 43. Rfg3 Kh8 44. Qe5 Qd6 45. Qe3 Ra6 46. h6 Ra2+ 47. Kh3 gxh6 48. Rg8+ Kh7 49. Rh8+ Kxh8 50. Qxh6+ Rh7 51.
Qxh7+ Kxh7 52. Kg4 Qxg3+ 53. Kxg3 Rc2 54. Kf4 Rxc3 55. Ke5 Re3+ 56. Kd6 Kg6 57. Kc5 Kf5 58. Kd6 Ra3 59. Kc5 Ra8 60. Kd6 Ra6+ 61. Kc5 Ke4 62. Kb5 Kxd4 63. Kxa6 e5 64. Kb5 e4 65. Kb6 e3 66. Kb7 e2 67. Kb8 e1=Q 68. Kc7 Qc3+ 69.
Kd7 Ke4 70. Kd6 d4 71. Ke6 d3 72. Ke7 d2 73. Ke6 d1=Q 74. Ke7 Qd5 75. Kf8 Qc7 76. Ke8 Qg8# 0-1

[Event "*** Titled Tuesday 3|2 Blitz"]
[Site "Chess.com"]
[Date "2016.05.03"]
[Round "9"]
[White "PowerThinking2650"]
[Black "renanreis"]
[Result "0-1"]
[WhiteElo "2165"]
[BlackElo "2021"]
[TimeControl "180+2"]
[EndTime "18:57:49 PDT"]
[Termination "renanreis won by resignation"]

1. e4 e5 2. Nf3 Nc6 3. d4 exd4 4.
Nxd4 Bc5 5. Be3 Qf6 6. c3 Nge7 7. Bc4 Qg6 8. O-O O-O 9. Nd2 d6 10. Kh1 Ne5 11. Bb3 Ng4 12. Bf4 Nc6 13. Nxc6 bxc6 14. Bg3 Be6 15. Qe2 Rfe8 16. f3 Ne5 17. Bxe6 Qxe6 18.
f4 Nd7 19. f5 Qf6 20. Qh5 Be3 21. Nc4 Rxe4 22. Nxe3 Rxe3 23. Bh4 Qe5 24. Bg3 Qe4 25. f6 Re2 26. Rf3 Nxf6 27. Qg5 h6 28. Qa5 Re8 29. Raf1 Rxb2 30. Qxc7 Qc2 31. R3f2 Re2 32.
Rxe2 Qxe2 33. Qc8+ Ne8 34. Qf5 Nf6 35. Qf3 Qxf3 36.
gxf3 Rxa2 37. Bxd6 Rc2 38. Ra1 Rxc3 39. f4 Ne4 40. Be5 Rd3 41. Rxa7 f6 42. Ba1 c5 43.
Kg2 c4 44. Rc7 c3 45. f5 Rd5 46. Rc4 Nd2 47. Bxc3 Nxc4 48. Ba1 Nd6 49. Bb2 Nxf5 50.
Bc3 Kf7 51. Bb2 Ke6 52. Bc3 g5 53. Bb2 h5 54. Bc3 Rd3 55. Be1 Re3 56. Bf2 Re2 57.
Kf1 Rxf2+ 58. Kxf2 Ke5 0-1

[Event "*** Titled Tuesday 3|2 Blitz"]
[Site "Chess.com"]
[Date "2016.05.03"]
[Round "9"]
[White "Lying-Ted"]
[Black "JusticeBot"]
[Result "1-0"]
[WhiteElo "2270"]
[BlackElo "2468"]
[TimeControl "180+2"]
[EndTime "18:57:52 PDT"]
[Termination "Lying-Ted won on time"]

1. d4 Nf6 2. Bf4 e6 3. Nf3 b6 4. e3 Bb7 5. Bd3 Be7 6. Nbd2 O-O 7. O-O d6 8. h3 Nbd7 9. a4 a6 10. c3 e5 11. dxe5 dxe5 12. Bxe5 Nxe5 13. Nxe5 Qd5 14.
Ndf3 Bd6 15. Bc4 Qe4 16. Qb1 Rae8 17. Qxe4 Bxe4 18. Ng4 Nxg4 19. hxg4 a5 20. Nd4 Bc5 21. Rad1 Rd8 22. f3 Bb7 23. Kf2 Rfe8 24. Rd2 Re7 25. Rfd1 Rde8 26. Re2 g6 27. Bb5 Rd8 28. Red2 Rd6 29. e4 c6 30. Bc4 Kg7 31. Kf1 Red7 32. Nb3 Rxd2 33. Rxd2 Rxd2 34. Nxd2 Be3 35. Ke2 Bf4 36.
Nf1 Bc1 37. b3 Kf6 38. g3 Bc8 39. Ne3 Bd7 40. f4 h6 41. e5+ Ke7 42. Kf3 Bxe3 43. Kxe3 Bxg4 44. Bd3 Bd1 45. Bc4 f6 46. exf6+ Kxf6 47.
Kd2 Bg4 48. Ke3 g5 49. fxg5+ Kxg5 50. Bf7 Bd1 51. Be6 Kf6 52. Bd7 c5 53. Kd3 Bxb3 54. Bc6 Bd1 55. Kc4 Be2+ 56. Kd5 Ke7 57. Ke5 Bd1 58. Bb5 1-0

[Event "*** Titled Tuesday 3|2 Blitz"]
[Site "Chess.com"]
[Date "2016.05.03"]
[Round "9"]
[White "E-Shaposhnikov"]
[Black "Hikaru"]
[Result "1/2-1/2"]
[WhiteElo "2519"]
[BlackElo "2819"]
[TimeControl "180+2"]
[EndTime "18:58:53 PDT"]
[Termination "Game drawn by repetition"]

1. e4 e6 2. d4 d5 3. Nc3 Nf6 4. e5 Nfd7 5. f4 c5 6. Nf3 Nc6 7. Ne2 f6 8. c3 Qb6 9. a3 cxd4 10. cxd4 Be7 11. g3 O-O 12. Bh3 fxe5 13. Bxe6+ Kh8 14.
O-O e4 15. Ng5 Nf6 16. Kg2 Nd8 17. Bxc8 Rxc8 18. Nc3 h6 19. Nh3 Ne6 20. Ne2 Rfe8 21. f5 Nf8 22. Nhf4 Bd6 23. b4 e3 24. Qd3 Qc6 25.
Bxe3 Bxf4 26. Nxf4 Qc2+ 27. Bf2 Ng4 28. Kg1 Nh7 29.
Ng6+ Kg8 30. Qf3 Nhf6 31. Rae1 Re4 32. Ne7+ Rxe7 33. Rxe7 Rc3 34. Qe2 Qxe2 35. Rxe2 Ne4 36. Be1 Rxa3 37. Rc2 b5 38. Rc8+ Kh7 39. Rc7 Ngf6 40.
Bf2 a6 41. Rfc1 Rf3 42. Be1 Rxf5 43. Ra7 Ng5 44. Rxa6 Ng4 45. h4 Nf3+ 46. Kg2 Ne3+ 47. Kh3 Ng1+ 48. Kh2 Rf1 49. g4 Ne2 50. Bd2 Nxg4+ 51.
Kg2 Rxc1 52. Bxc1 Nxc1 53. Kf3 Nf6 54. Rb6 Nb3 55. Ke3 Ng4+ 56. Kd3 Nf2+ 57. Kc3 Nc1 58.
Rxb5 Ne2+ 59. Kd2 Nxd4 60. Rxd5 Ne6 61. Re5 Nd4 62. Kc3 Nc6 63. Re6 Na7 64. Kc4 Ng4 65. Ra6 Nc8 66. b5 Ne5+ 67. Kd5 Nd7 68. Kc6 Nb8+ 69.
Kb7 Nxa6 70. bxa6 Nd6+ 71. Kc6 Nc8 72. Kb7 Nd6+ 73. Kc6 Nc8 74. Kb7 Nd6+ 75. Kc6 Nc8 76. Kb7 Nd6+ 77. Kc6 Nc8 78. Kb7 1/2-1/2

[Event "*** Titled Tuesday 3|2 Blitz"]
[Site "Chess.com"]
[Date "2016.05.03"]
[Round "9"]
[White "EltajSafarli"]
[Black "Gevorg_Harutjunyan"]
[Result "0-1"]
[WhiteElo "2696"]
[BlackElo "2667"]
[TimeControl "180+2"]
[EndTime "18:59:22 PDT"]
[Termination "Gevorg_Harutjunyan won by resignation"]

1. e4 c6 2. Nf3 d5 3. exd5 cxd5 4. Ne5 Nc6 5. d4 Nf6 6. c3 g6 7.
Bb5 Bd7 8. Bxc6 Bxc6 9. O-O Bg7 10. Re1 O-O 11. Nd2 e6 12. a4 Rc8 13. Qe2 Re8 14.
Nd3 Ne4 15. f3 Nd6 16. Nf1 f6 17. Be3 e5 18. dxe5 fxe5 19. Bxa7 b6 20. Nb4 Bb7 21. Qf2 d4 22. cxd4 e4 23. d5 Nc4 24.
Rxe4 Rxe4 25. fxe4 Qe7 26. Nc2 Rf8 27. Qe2 Qc5+ 28.
Nce3 Bd4 29. Kh1 Nxe3 30. Nxe3 Bxe3 31. a5 Rf2 32. Qd3 Rc2 33. Rf1 Rc1 34. Bxb6 Qc2 35. Qb5 Rxf1+ 36. Qxf1 Bxb6 37. axb6 Qxe4 38. d6 Qd5 39. h4 Qxd6 40. Qf2 Kg7 41. Qe3 h5 42. Qe8 Qc6 43. Qe7+ Kg8 44. Qe2 Kf7 45. Qf1+ Ke6 46. Qe1+ Qe4 47. Qg3 Kd5 48. Qf2 Kc6 49. Qg3 Kxb6 50.
Qf2+ Ka6 51. Qg3 Kb5 52. Qb3+ Kc5 53. Qa3+ Kd5 54. Qb3+ Ke5 55. Qg3+ Kf5 56. b3 Bc6 57. Qg5+ Ke6 58. Qg3 Qb1+ 59. Kh2 Qe4 60. Kh1 Bd5 61. b4 Kf6 62. Qd6+ Qe6 63. Qf4+ Kg7 64. Qc7+ Qf7 65.
Qe5+ Kh7 66. Qg5 Bb7 67. Kg1 Qe6 68. b5 Qe1+ 69. Kh2 Qe4 70. b6 Kg7 71. Kg1 Kf7 72. Kh2 Ke6 73. Qd2 Qxh4+ 74. Kg1 Qe4 75. Kh2 Qxg2+ 76. Qxg2 Bxg2 77. b7 Bxb7 0-1

[Event "*** Titled Tuesday 3|2 Blitz"]
[Site "Chess.com"]
[Date "2016.05.03"]
[Round "9"]
[White "asms9699"]
[Black "Noukii"]
[Result "1/2-1/2"]
[WhiteElo "2370"]
[BlackElo "2672"]
[TimeControl "180+2"]
[EndTime "18:59:33 PDT"]
[Termination "Game drawn - insufficient material"]

1. c4 Nf6 2. g3 g6 3. Bg2 Bg7 4. Nc3 O-O 5. Nf3 d6 6. O-O c5 7.
d4 Nc6 8. dxc5 dxc5 9. Be3 Qb6 10. Qb3 Qb4 11. Nd5 Nxd5 12. cxd5 Qxb3 13. axb3 Nd4 14. Bxd4 cxd4 15. Rad1 d3 16. Rxd3 Bxb2 17. e4 Bd7 18. Rb1 Bg7 19. Nd4 Rfc8 20. f4 Rc3 21. Rd2 Rac8 22.
e5 h6 23. Kf2 a5 24. Ke2 f6 25. e6 Be8 26. f5 h5 27. Rd3 R3c5 28. b4 axb4 29. Rxb4 b5 30. Be4 g5 31. h3 g4 32.
hxg4 hxg4 33. Rdb3 Rc4 34. Bd3 Rxb4 35. Rxb4 Bh6 36.
Bxb5 Bh5 37. Bc6 Bc1 38. Rb3 Kf8 39. Kd1 Bg5 40. Rb7 Be3 41. Ne2 Rd8 42. Kc2 Be8 43.
Bxe8 Kxe8 44. Kd3 Bc5 45. Kc4 Bd6 46. Kd4 Ra8 47. Rb3 Ra2 48. Kd3 Kd8 49. Rc3 Be5 50.
Nd4 Bxg3 51. Nc6+ Ke8 52. Ne5 Ra8 53. Nxg4 Kf8 54. Ne3 Ra5 55. Rb3 Bf4 56. Ke4 Ra4+ 57. Kf3 Bd6 58. Rc3 Rf4+ 59. Ke2 Re4 60. Kd3 Rf4 61.
Rc4 Rf3 62. Rc6 Be5 63. Ke2 Rf4 64. Rc8+ Kg7 65. Re8 Bd6 66. Kd3 Kh6 67. Nc4 Rxf5 68. Nxd6 Rxd5+ 69. Ke4 Re5+ 70. Kf4 exd6 71. e7 Kg7 72.
Rd8 Rxe7 73. Rxd6 Kg6 74. Kf3 Kg5 75. Rd4 Ra7 76. Rb4 Ra3+ 77. Kf2 Rd3 78. Ra4 Kf5 79. Rb4 Ke5 80. Ra4 f5 81. Rb4 Kf6 82. Ra4 Kg5 83. Rb4 f4 84. Rb8 Rd2+ 85. Kf3 Rd3+ 86. Kf2 Kf5 87.
Rf8+ Ke5 88. Re8+ Kf5 89. Rf8+ Kg4 90. Rg8+ Kh5 91. Rh8+ Kg6 92. Rg8+ Kf7 93. Rg4 Rd4 94. Kf3 Ke6 95. Rxf4 Rxf4+ 96. Kxf4 1/2-1/2

[Event "*** Titled Tuesday 3|2 Blitz"]
[Site "Chess.com"]
[Date "2016.05.03"]
[Round "9"]
[White "MinhGTrAn"]
[Black "exoticprincess"]
[Result "1/2-1/2"]
[WhiteElo "2650"]
[BlackElo "2829"]
[TimeControl "180+2"]
[EndTime "19:03:59 PDT"]
[Termination "Game drawn by 50-move rule"]

1. d4 Nf6 2. c4 g6 3. Nc3 Bg7 4. e4 O-O 5. Bd3 c6 6. Nge2 d6 7. f3 Na6 8. Be3 Nd7 9. O-O Nc7 10.
b4 d5 11. cxd5 cxd5 12. Qd2 Re8 13. Rac1 Nb6 14. a4 Bd7 15. a5 Na4 16. Nxa4 Bxa4 17.
Nc3 Bd7 18. exd5 e6 19. dxe6 Bxe6 20. Be4 Nd5 21. Bf2 Qd7 22. Nxd5 Bxd5 23. Bxd5 Qxd5 24. Rc5 Qd7 25. Rfc1 Bf8 26. R5c4 Qd5 27. h4 Rad8 28. Qg5 a6 29. Qxd5 Rxd5 30. Rc8 Rxc8 31. Rxc8 Kg7 32. Bg3 Be7 33. Rc7 Bxb4 34. Rxb7 Bxa5 35. Be5+ Kf8 36. Bf6 Rb5 37. Ra7 Ke8 38. Rxa6 Bc7 39. Kf2 Rb2+ 40. Ke3 Rxg2 41. Ra7 Bd6 42. Ke4 Rb2 43.
Kd5 Rb6 44. Bg5 h5 45. f4 Kf8 46. Rd7 Ba3 47. f5 Rb5+ 48. Kc6 Rxf5 49. d5 f6 50. Bh6+ Ke8 51. Ra7 Rf3 52. d6 Rc3+ 53. Kd5 Rd3+ 54. Kc4 Rxd6 55. Rxa3 Rd7 56. Rf3 Kf7 57. Bg5 Rd6 58.
Kc5 Ra6 59. Bd2 Re6 60. Bc3 Ra6 61. Kb5 Re6 62. Kc5 Ra6 63. Kd5 Rb6 64. Bd4 Ra6 65. Rb3 Ra5+ 66. Ke4 g5 67. Rb6 f5+ 68. Kf3 Ra3+ 69.
Ke2 Ra2+ 70. Kf3 Ra3+ 71. Ke2 gxh4 72. Rf6+ Ke7 73. Rxf5 h3 74. Rxh5 Ra2+ 75. Kf3 h2 76. Bf2 Ke6 77. Rxh2 Ra3+ 78. Be3 Ra4 79. Rh6+ Kd5 80.
Rh5+ Kc6 81. Ke2 Ra3 82. Bd4 Kd7 83. Kd2 Ke6 84. Ke2 Rb3 85. Be3 Ra3 86. Kf3 Ra4 87. Bc5 Rc4 88. Ke3 Rg4 89. Bd4 Kd6 90. Kd3 Ke6 91. Kc4 Re4 92. Kd3 Rg4 93. Be5 Kd5 94. Bf4+ Ke6 95. Ke4 Rg6 96. Ra5 Rf6 97. Ra6+ Kf7 98.
Ra7+ Ke6 99. Be5 Rg6 100. Ra6+ Kf7 101. Ra3 Ke6 102. Bf4 Rf6 103. Rb3 Rg6 104. Rb7 Rf6 105. Bg5 Rg6 106. Kf4 Rg8 107. Rb5 Rc8 108. Ke4 Rc4+ 109. Kd3 Rg4 110. Be3 Kd6 111. Bd4 Ke6 112. Rb6+ Kd5 113. Rb5+ Ke6 114. Ke3 Kd6 115. Ra5 Ke6 116. Be5 Kf5 117. Bf4+ Ke6 118. Ke4 Rg6 119. Ra6+ Kf7 120. Bd6 Ke6 121. Rb6 Kf7 122. Kf5 Rf6+ 123. Kg5 Rg6+ 124. Kf5 Rf6+ 125. Ke5 Re6+ 126. Kd5 Re2 127. Be5 Rd2+ 128. Bd4 Re2 129. Be5 Rd2+ 130. Ke4 Rf2 131. Bf4 Ra2 132. Kf5 Re2 133. Rb7+ Re7 134. Rb2 Ke8 135. Be5 Kd7 136. Rc2 Rf7+ 137. Ke4 Rf1 138. Rc7+ Ke6 139. Rc6+ Kd7 140. Rd6+ Ke7 141. Ra6 Rb1 142. Bd4 Rb5 143. Rh6 Kd7 144. Kd3 Rd5 145. Kc4 Rd6 146. Rh7+ Ke6 147. Kd3 Kd5 148. Rh5+ Ke6 149. Ke4 Rc6 150. Bc5 Kf7 151. Kd5 Kg6 152. Rh1 1/2-1/2